 Dungeon Crawl Stone Soup version 0.28-a0-1510-gd0f6b136d3 (webtiles) character file.

Game seed: 3193445786392772059

4 hashsling the Shield-Bearer (level 1, 18/19 HPs)
             Began as a Draconian Wanderer on Jan 14, 2022.
             Was a Follower of Trog.
             Quit the game on level 1 of the Dungeon.
             The game lasted 00:01:20 (171 turns).

hashsling the Shield-Bearer (Draconian Wanderer)     Turns: 171, Time: 00:01:21

Health: 18/19      AC:  4    Str: 12    XL:     1   Next: 58%
Magic:  2/2        EV: 10    Int: 10    God:    Trog [*.....]
Gold:   5          SH:  7    Dex: 14    Spells: 1/2 levels left

rFire   . . .      SeeInvis .   d - +0 mace
rCold   . . .      Faith    .   c - +2 buckler
rNeg    . . .      Spirit   .   (armour unavailable)
rPois   .          Reflect  .   (helmet restricted)
rElec   .          Harm     .   (no cloak)
rCorr   .          Rampage  .   (no gloves)
Will    .....                   (no boots)
Stlth   +.........              (no amulet)
HPRegen 0.06/turn               (no ring)
MPRegen 0.08/turn               (no ring)

@: no status effects
A: AC +4, unfitting armour, cold-blooded
a: Renounce Religion, Berserk


You were on level 1 of the Dungeon.
You worshipped Trog.
Trog was aware of your devotion.
You visited 1 branch of the dungeon, and saw 1 of its levels.

You collected 5 gold pieces.

Inventory:

Hand Weapons
 a - a +0 dagger
 d - a +0 mace (weapon)
Armour
 c - a +2 buckler (worn)
Potions
 b - a potion of curing


   Skills:
 + Level 3.5 Fighting
 + Level 5.1 Shields
 - Level 1.0 Spellcasting
 - Level 1.0 Translocations


You had one spell level left.
You knew the following spells:

 Your Spells              Type           Power      Damage    Failure   Level
a - Apportation           Tloc           4%         N/A       28%         1

Your spell library contained the following spells:

 Spells                   Type           Power      Damage    Failure   Level
 Lesser Beckoning         Tloc           2%         N/A       65%         3


Dungeon Overview and Level Annotations

Branches:
Dungeon (1/15)

Altars:
Trog


Innate Abilities, Weirdness & Mutations

Your plain brown scales are hard. (AC +4)
You cannot fit into any form of body armour.
You are cold-blooded and may be slowed by cold attacks.


Message History

You hit the rat.
You kill the rat!
The bat hits you but does no damage.
You thump the bat!
You kill the bat!
No target in view!
No target in view!
You closely miss the bat. The bat misses you. You block the bat's attack.
The bat hits you but does no damage. You block the bat's attack.
You miss the bat. You block the bat's attack. You block the bat's attack.
The bat hits you but does no damage.
You hit the bat.
You kill the bat!
No target in view!
No target in view!
You now have 5 gold pieces.
Things that are here:
a +0 club; a goblin corpse You enter the shallow water.
Moving in this stuff is going to be slow.
Found a faded altar of an unknown god.
There is a faded altar of an unknown god here.
You cannot tell which god this altar belongs to.
Convert to them anyway?
Okay, then.
You cannot tell which god this altar belongs to.
Convert to them anyway?
Trog accepts your prayer! Trog welcomes you!
You can now go berserk at will.
As you open the door, it creaks loudly!
There is an open door here.
An endoplasm comes into view.
The endoplasm quivers.
The endoplasm hits you.
You hit the endoplasm but do no damage.
You tail-slap the endoplasm, but do no damage.
The endoplasm barely misses you.
You thump the endoplasm!
You kill the endoplasm!
Trog accepts your kill.
Are you sure you want to abandon this character and quit the game? (Confirm with "yes".)

#.##.#
#.##.#
#.##.#
#.##.#
#.##.#
#.##.######.
#.##........
#.#+........
#.##@.......
#.##........
#.##........
#.##........
#.##........
#.##........
#.#######...
#.# ...
##### #.#
#....#.^.#.#


There were no monsters in sight!

Vanquished Creatures
  An endoplasm (D:1)
  A goblin (D:1)
  2 bats (D:1)
  A rat (D:1)
5 creatures vanquished.

Notes
Turn   | Place    | Note
-------+----------+-------------------------------------------
     0 | D:1      | hashsling the Draconian Wanderer began the quest for the
                  | Orb.
     0 | D:1      | hashsling set off with the following items: a +0 dagger, a
                  | potion of curing, a +2 buckler; and the following spell
                  | memorised: Apportation; and the following spells available
                  | to memorise: Lesser Beckoning
     0 | D:1      | Reached XP level 1. HP: 19/19 MP: 2/2
    89 | D:1      | Found a faded altar of an unknown god.
    93 | D:1      | Prayed at the altar of an unknown god.
    93 | D:1      | Became a worshipper of Trog the Wrathful
    93 | D:1      | Reached * piety under Trog
   171 | D:1      | Quit the game

Illustrated notes

Levels and vault maps discovered:
D:1:      dpeg_arrival_subterranean_lakeside_camping, layout_basic,
          shapermc_ecumenical_altar_mp_highgroup

Action                   || total
-------------------------++-------
Melee: Mace              ||     8
       Dagger            ||     4
       Tailslap          ||     1
Armor: Skin              ||     5
Dodge: Dodged            ||     8
Block: Buckler           ||     5

Table legend: (Time is in decaauts)
 A = Elapsed time spent in this place.
 B = Non-inter-level travel time spent in this place.
 C = Inter-level travel time spent in this place.
 D = Time resting spent in this place.
 E = Time spent auto-exploring this place.
 F = Levels seen in this place.
 G = Mean time per level.
                   A        B        C        D        E       F      G
               +--------+--------+--------+--------+--------+-----+--------+
         Total |    175 |    175 |      0 |      0 |    124 |   1 |  175.0 |
       Dungeon |    175 |    175 |      0 |      0 |    124 |   1 |  175.0 |
               +--------+--------+--------+--------+--------+-----+--------+

Top non-repeatable levels by time:
     D:1: 175 daAuts
